Map: 2000 Atmospheres LE

Players

Strange

  • Race: Protoss Protoss
  • League: Master

uwuThermal (uThermal) - Winner!

  • Race: Terran Terran
  • League: Master

Event: DreamHack SC2 Masters 2021 Summer

VOD

Have the link to the VOD?

Description

Time

  • Played on: May 20, 2021, 10:46 a.m.
  • Length: 8:29

All games in this series

Show
View Real Time Build Order
Export as new Build Order

Strange Protoss 

Build Orders: 1 Gate Expand, Phoenix Opening 

Get SALT Encoding   

  12  0:00  Probe  
  13  0:12  Probe  
  14  0:16  Pylon  
  14  0:24  Probe (Chrono Boost)  
  16  0:36  Probe (Chrono Boost), Gateway  
  16  0:42  Probe (Chrono Boost)  
  16  0:45  Assimilator  
  17  0:51  Probe  
  18  1:03  Probe  
  19  1:15  Probe  
  20  1:23  Cybernetics Core  
  20  1:27  Probe  
  21  1:34  Nexus  
  21  1:40  Pylon  
  21  1:46  Assimilator  
  21  1:48  Probe  
  22  1:56  Adept (Chrono Boost)  
  23  2:03  Probe  
  24  2:15  Probe  
  25  2:20  Stargate  
  25  2:21  Adept (Chrono Boost)  
  25  2:27  Probe  
  28  2:33  Warp Gate  
  28  2:39  Probe  
  29  2:44  Adept  
  31  2:51  Probe  
  32  3:01  Shield Battery  
  32  3:03  Probe  
  32  3:04  Gateway  
  32  3:05  Phoenix (Chrono Boost)  
  33  3:14  Shield Battery  
  33  3:21  Phoenix (Chrono Boost)  
  35  3:28  Gateway  
  35  3:33  Probe x2  
  37  3:45  Phoenix (Chrono Boost)  
  39  3:50  Probe x2  
  41  3:55  Pylon  
  41  4:02  Probe x2  
  38  4:14  Probe x2  
  40  4:17  Oracle (Chrono Boost)  
  42  4:26  Probe  
  42  4:27  Probe  
  42  4:28  Adept x2  
  48  4:38  Probe  
  48  4:39  Probe  
  50  4:50  Probe  
  50  4:51  Probe  
  50  5:04  Probe (Chrono Boost)  
  50  5:06  Probe (Chrono Boost)  
  41  5:15  Probe (Chrono Boost)  
  41  5:18  Probe (Chrono Boost)  
  42  5:21  Probe (Chrono Boost)  
  42  5:27  Probe (Chrono Boost), Phoenix  
  48  5:36  Probe x2 (Chrono Boost)  
  48  5:41  Probe (Chrono Boost)  
  46  5:43  Probe  
  48  5:53  Probe (Chrono Boost), Robotics Facility  
  50  5:59  Probe (Chrono Boost)  
  50  6:03  Adept  
  53  6:05  Probe (Chrono Boost)  
  53  6:08  Assimilator  
  53  6:10  Probe (Chrono Boost)  
  54  6:12  Pylon  
  54  6:14  Probe  
  54  6:15  Pylon  
  53  6:19  Probe  
  54  6:30  Probe  
  54  6:31  Probe  
  54  6:32  Pylon  
  56  6:36  Assimilator  
  56  6:41  Observer (Chrono Boost)  
  56  6:42  Probe, Robotics Bay  
  56  6:43  Probe  
  56  6:47  Pylon, Sentry  
  61  6:54  Probe  
  61  6:55  Probe  
  61  6:57  Immortal (Chrono Boost)  
  67  7:06  Probe  
  67  7:07  Probe  
  67  7:13  Forge  
  67  7:14  Twilight Council  
  67  7:19  Probe x2  
  69  7:24  Stalker  
  69  7:25  Zealot x2  
  75  7:31  Probe x2  
  75  7:32  Colossus (Chrono Boost)  
  83  7:40  Pylon  
  83  7:41  Pylon  
  83  7:43  Probe  
  84  7:46  Zealot  
  86  7:57  Stalker  
  86  8:04  Pylon  
Show
View Real Time Build Order
Export as new Build Order

uwuThermal Terran - Winner!

Build Orders: 1/1/1 

Get SALT Encoding   

  12  0:00  SCV  
  13  0:12  SCV  
  14  0:17  Supply Depot  
  14  0:24  SCV  
  14  0:27  Refinery  
  15  0:38  SCV  
  16  0:45  Barracks  
  16  0:50  SCV  
  17  1:02  SCV  
  18  1:15  SCV  
  19  1:31  Marine  
  19  1:32  Orbital Command  
  20  1:34  Factory  
  20  1:37  Refinery  
  20  1:41  Supply Depot  
  20  1:50  Barracks Reactor  
  20  2:00  SCV  
  21  2:04  Supply Depot  
  21  2:12  SCV  
  22  2:17  Starport  
  22  2:24  SCV  
  22  2:29  Hellion x2  
  27  2:36  SCV  
  28  2:41  Supply Depot  
  28  2:48  SCV  
  28  2:50  Hellion x2  
  33  2:56  Medivac  
  35  3:06  Armory  
  35  3:13  Widow Mine  
  35  3:16  Widow Mine  
  39  3:23  Supply Depot  
  39  3:34  Widow Mine  
  39  3:37  Widow Mine  
  43  3:56  Widow Mine  
  43  3:59  Command Center  
  43  4:00  Widow Mine  
  43  4:02  SCV  
  44  4:12  Barracks Tech Lab  
  44  4:14  SCV  
  41  4:18  Widow Mine  
  41  4:21  Widow Mine  
  45  4:28  SCV  
  48  4:31  Stimpack  
  48  4:33  Marine  
  47  4:40  Widow Mine, SCV  
  47  4:43  Widow Mine  
  52  4:49  Barracks  
  52  4:50  Marine  
  52  4:52  SCV  
  50  5:04  SCV  
  49  5:09  Starport Tech Lab  
  49  5:12  Orbital Command, Barracks  
  45  5:15  Marine  
  45  5:17  SCV  
  45  5:22  Factory Tech Lab  
  43  5:28  Bunker  
  43  5:29  SCV  
  43  5:33  Marine  
  45  5:38  SCV  
  45  5:40  Starport Reactor  
  45  5:41  SCV  
  45  5:46  Siege Tank  
  45  5:48  Marine x2  
  50  5:50  SCV  
  50  5:51  Marine  
  50  5:53  SCV  
  50  5:54  Engineering Bay  
  51  6:03  SCV  
  52  6:05  SCV  
  52  6:06  Marine x2  
  52  6:07  Refinery  
  52  6:08  Marine  
  52  6:09  Combat Shield  
  56  6:15  SCV, Marine  
  56  6:17  SCV  
  56  6:18  Siege Tank  
  62  6:20  Terran Infantry Weapons Level 1  
  62  6:23  Medivac  
  62  6:24  Marine  
  65  6:26  Medivac  
  65  6:28  SCV  
  65  6:29  SCV, Marine  
  68  6:33  Supply Depot  
  68  6:35  Supply Depot  
  68  6:36  Marine  
  68  6:38  Marine  
  70  6:45  Marine  
  70  6:47  Marine  
  71  6:48  SCV  
  71  6:50  Siege Tank  
  71  6:53  Supply Depot  
  71  6:54  Marine  
  76  6:55  Medivac  
  76  6:56  Marine  
  80  7:02  Medivac  
  80  7:03  Marine  
  80  7:05  Marine  
  80  7:06  SCV  
  85  7:09  SCV  
  85  7:12  Marine  
  87  7:24  Marine  
  87  7:25  Marauder, Marine  
  87  7:29  Command Center  
  91  7:31  Siege Tank  
  91  7:35  Marine  
  95  7:39  Supply Depot  
  95  7:44  Marine  
  95  7:45  Marine  
  95  7:46  SCV x2, Marauder  
  101  7:58  SCV, Marine  
  95  8:13  SCV  
  101  8:20  Barracks  
  101  8:21  Barracks  
Tags
 
Add a new tag
Caveats
  • Supply blocks, unpowered buildings, or Contaminate may cause inaccurate times.
  • Supply counts are checked every 10 seconds.